 Dungeon Crawl Stone Soup version 0.26.0-45-g9c1d065592 (webtiles) character file.

Game seed: 10613847379866775469

4108 kaeus the Covert (level 10, -8/53 HPs)
             Began as a Gargoyle Venom Mage on Jan 30, 2021.
             Was an Initiate of Vehumet.
             Killed from afar by a deep elf mage (30 damage)
             ... with a shard of ice
             ... on level 8 of the Dungeon.
             The game lasted 00:13:43 (9721 turns).

kaeus the Covert (Gargoyle Venom Mage)              Turns: 9721, Time: 00:13:43

Health: -8/53      AC: 20    Str: 12    XL:     10   Next: 26%
Magic:  0/17       EV: 14    Int: 19    God:    Vehumet [......]
Gold:   406        SH:  0    Dex: 10    Spells: 8/19 levels left

rFire    . . .     SeeInvis +   a - +2 whip of Cataetaf {vorpal, Fragile +Rage rPois Will+++}
rCold    . . .     Faith    .   (no shield)
rNeg     + . .     Spirit   +   y - +0 robe
rPois    ∞         Reflect  .   (no helmet)
rElec    +         Harm     .   v - +2 cloak
rCorr    .         Rampage  .   w - +2 pair of gloves
Will     +++..                  E - +0 pair of boots (curse)
Stlth    ++++......             A - amulet of guardian spirit
HPRegen  0.17/turn              g - +4 ring of protection
MPRegen  0.15/turn              u - ring of see invisible

@: no status effects
A: negative energy resistance 1, electricity resistance, unbreathing,
petrification resistance, miasma immunity, AC +7
a: Renounce Religion, Evoke Berserk Rage


You were on level 8 of the Dungeon.
You worshipped Vehumet.
Vehumet was noncommittal.
You visited 2 branches of the dungeon, and saw 9 of its levels.

You collected 406 gold pieces.

Inventory:

Hand Weapons
 a - the +2 whip of Cataetaf (weapon) {vorpal, Fragile +Rage rPois Will+++}
   (You found it on level 4 of the Dungeon)

   It inflicts extra damage upon your enemies.
   It protects you from poison.
   It affects your willpower, your defense against some magical effects.
   It lets you go berserk.
   It will be destroyed if unequipped.
 i - a +7 long sword
Armour
 p - a +0 kite shield
 v - a +2 cloak (worn)
 w - a +2 pair of gloves (worn)
 y - a +0 robe (worn)
 E - a cursed +0 pair of boots (worn)
Jewellery
 g - a +4 ring of protection (left hand)
 u - a ring of see invisible (right hand)
 A - an amulet of guardian spirit (around neck)
 C - an uncursed amulet of faith
Wands
 b - a wand of random effects (23)
 q - a wand of digging (6)
Scrolls
 h - 3 scrolls of immolation
 j - 3 scrolls of amnesia
 k - 4 scrolls of remove curse
 n - 4 scrolls of teleportation
 r - 2 scrolls of fog
 x - a scroll of summoning {unknown}
 B - a scroll of enchant weapon
 D - a scroll of random uselessness {unknown}
Potions
 c - a potion of heal wounds
 d - 2 potions of magic {unknown}
 e - 2 potions of curing
 f - 2 potions of haste
 l - a potion of berserk rage {unknown}
 m - 2 potions of attraction {unknown}
 o - 2 potions of degeneration {unknown}
 s - a potion of brilliance {unknown}
 t - 2 potions of flight {unknown}
 z - a potion of might {unknown}


   Skills:
 + Level 2.0 Fighting
 + Level 2.0 Armour
 + Level 5.0 Dodging
 * Level 10.0 Stealth
 + Level 2.1 Shields
 - Level 5.2 Spellcasting
 + Level 2.0 Conjurations
 + Level 4.7 Transmutations
 + Level 1.8 Fire Magic
 - Level 6.0 Poison Magic


You had 8 spell levels left.
You knew the following spells:

 Your Spells              Type           Power        Failure   Level
a - Sting                 Tmut/Pois      100%         1%          1
b - Mephitic Cloud        Conj/Pois/Air  15%          12%         3
c - Ignite Poison         Fire/Tmut/Pois 20%          6%          3
d - Olgreb's Toxic Radia  Pois           27%          11%         4

Your spell library contained the following spells:

 Spells                   Type           Power        Failure   Level
 Poisonous Vapours        Pois/Air       32%          5%          2
 Confusing Touch          Hex            4%           36%         3
 Gell's Gravitas          Tloc           2%           36%         3
 Petrify                  Tmut/Erth      13%          41%         4
 Yara's Violent Unravell  Hex/Tmut       6%           77%         5
 Metabolic Englaciation   Hex/Ice        2%           98%         5


Dungeon Overview and Level Annotations

Branches:
Dungeon (8/15)             Temple (1/1) D:7            Lair (0/6) D:8

Altars:
Ashenzari
Cheibriados
Dithmenos
Elyvilon
Fedhas
Gozag
Kikubaaqudgha
Makhleb
Nemelex Xobeh
Okawaru
Qazlal
Ru
Sif Muna
Trog
Uskayaw
Vehumet
Wu Jian
Xom
Yredelemnul
Zin
The Shining One

Annotations:
D:3 3 runed translucent doors, Gadfly's ghost, amateur DsMo; canine's ghost, weakling GnDe


Innate Abilities, Weirdness & Mutations

You are resistant to torment.
Your stone body is resilient. (AC +7)
You are immune to poison.
You resist negative energy. (rN+)
You are resistant to electric shocks. (rElec)
You can survive without breathing.
You are immune to petrification.
You are immune to miasma.


Message History

The ice beast hits you but does no damage.
You hit the ice beast.
You kill the ice beast!
Vehumet accepts your kill.
Your Armour skill increases to level 2!
Your Dodging skill increases to level 5!
You hit the deep elf mage.
The deep elf mage is severely wounded.
The deep elf mage casts a spell at you. The shard of ice hits you!!
You take 20 damage, and have 21/53 hp.
MASSIVE DAMAGE!!
You now have 1/17 mp.
You hit the deep elf mage.
The deep elf mage is severely wounded.
The deep elf mage barely misses you.
You miss the deep elf mage.
The deep elf mage is almost dead.
The deep elf mage gestures at you while chanting.
The shard of ice hits you!!
Ouch! That really hurt!
You die...

#......### #..#..#
#.....## ...#..#..#
#.....# #..#..#..#
.....## #..#..#..#
.....# #..#..#..#
.....#. #..#..#..#
....##..#####..#..#..#
....#[...).....#.....#
....#(.........e@....#
###.##################
##..# #.....# #...#
#.....# #...###.....#
......#.#.###
........#.#
......###.# #...###
#.#


You could see a deep elf mage (poisoned).

Vanquished Creatures
  Erica (D:8)
  Pikel (D:6)
  Prince Ribbit (D:6)
  Menkaure (D:6)
  2 water moccasins
  An ice beast (D:8)
  4 sky beasts
  2 orc warriors (D:8)
  2 phantoms
  2 ogres (D:8)
  A centaur (D:7)
  2 big kobolds (D:8)
  A lemure (D:6)
  3 bullfrogs
  2 scorpions
  3 wights
  A howler monkey (D:8)
  A centaur zombie (D:5)
  5 orc priests
  A hound (D:4)
  A jelly (D:8)
  4 orc wizards
  Terence (D:1)
  3 iguanas
  8 worker ants
  8 adders
  A shadow imp (D:5)
  2 oozes
  A dart slug (D:1)
  4 leopard geckos
  19 orcs
  5 bats
  6 giant cockroaches
  4 goblins
  9 hobgoblins
  6 jackals
  3 kobolds
  2 quokkas
  6 frilled lizards
  A leopard gecko zombie (D:8)
  6 rats
137 creatures vanquished.

Vanquished Creatures (others)
  An orc wizard (D:7)
  6 withered plants (D:3)
7 creatures vanquished.

Grand Total: 144 creatures vanquished

Notes
Turn   | Place    | Note
-------+----------+-------------------------------------------
     0 | D:1      | kaeus the Gargoyle Venom Mage began the quest for the Orb.
     0 | D:1      | Reached XP level 1. HP: 10/10 MP: 3/3
   104 | D:1      | Reached XP level 2. HP: 7/15 MP: 1/5
   342 | D:1      | Reached skill level 1 in Transmutations
   888 | D:1      | Reached XP level 3. HP: 15/19 MP: 2/6
  1025 | D:2      | Noticed Terence
  1058 | D:1      | Killed Terence
  1059 | D:1      | Reached skill level 3 in Stealth
  1419 | D:2      | Reached XP level 4. HP: 24/24 MP: 5/7
  2074 | D:2      | Found a burning altar of Makhleb.
  2074 | D:2      | Found a sparkling altar of Nemelex Xobeh.
  2615 | D:3      | Found a runed translucent gate.
  2615 | D:3      | Found a runed translucent gate.
  2620 | D:3      | Found a runed translucent gate.
  2621 | D:3      | Noticed canine's ghost (weakling GnDe)
  2621 | D:3      | Noticed Gadfly's ghost (amateur DsMo)
  3239 | D:4      | Learned a level 3 spell: Mephitic Cloud
  3243 | D:4      | Learned a level 3 spell: Ignite Poison
  3285 | D:4      | Found a hide-covered altar of Uskayaw.
  3319 | D:4      | Reached skill level 4 in Stealth
  3319 | D:4      | Reached XP level 5. HP: 27/28 MP: 7/9
  3748 | D:4      | Reached XP level 6. HP: 21/32 MP: 4/10
  4213 | D:4      | Learned a level 4 spell: Olgreb's Toxic Radiance
  4527 | D:4      | Found a shimmering altar of Xom.
  4544 | D:4      | Reached skill level 5 in Stealth
  4633 | D:5      | Entered Level 5 of the Dungeon
  4645 | D:4      | Got a polished whip
  4646 | D:4      | Identified the +2 whip of Cataetaf {vorpal, Fragile +Rage
                  | rPois Will+++} (You found it on level 4 of the Dungeon)
  4784 | D:5      | Noticed a water moccasin
  4796 | D:5      | Killed a water moccasin
  4797 | D:5      | Reached XP level 7. HP: 30/36 MP: 4/12
  4881 | D:5      | Found an iron altar of Okawaru.
  6206 | D:6      | Reached skill level 6 in Stealth
  6470 | D:6      | Noticed Prince Ribbit
  6482 | D:6      | Killed Prince Ribbit
  6483 | D:6      | Reached XP level 8. HP: 24/41 MP: 4/13
  6719 | D:6      | Reached skill level 7 in Stealth
  6719 | D:6      | Noticed Menkaure
  6729 | D:6      | Killed Menkaure
  6893 | D:6      | Reached skill level 5 in Poison Magic
  6910 | D:6      | Found a glowing golden altar of the Shining One.
  7226 | D:6      | Noticed Pikel
  7241 | D:6      | Killed Pikel
  7242 | D:6      | Reached skill level 8 in Stealth
  7242 | D:6      | Reached XP level 9. HP: 26/45 MP: 2/16
  7666 | D:7      | Found a staircase to the Ecumenical Temple.
  7688 | Temple   | Entered the Ecumenical Temple
  7695 | Temple   | Became a worshipper of Vehumet
  7751 | D:7      | Found a stormy altar of Qazlal.
  8523 | D:8      | Reached skill level 9 in Stealth
  8523 | D:8      | Reached skill level 5 in Spellcasting
  8808 | D:8      | Noticed Erica
  8838 | D:8      | Killed Erica
  8839 | D:8      | Reached skill level 1 in Fighting
  8839 | D:8      | Reached skill level 1 in Armour
  8839 | D:8      | Reached skill level 1 in Shields
  8839 | D:8      | Reached skill level 1 in Conjurations
  8839 | D:8      | Reached skill level 1 in Fire Magic
  8839 | D:8      | Reached XP level 10. HP: 50/52 MP: 5/17
  9024 | D:8      | Found an ornate altar of the Wu Jian Council.
  9028 | D:8      | Found a staircase to the Lair.
  9100 | D:8      | Found a shimmering altar of Xom.
  9123 | D:8      | Found a sacrificial altar of Ru.
  9695 | D:8      | Noticed a deep elf mage
  9711 | D:8      | Reached skill level 10 in Stealth
  9719 | D:8      | Reached skill level 5 in Dodging
  9721 | D:8      | Killed from afar by a deep elf mage

Illustrated notes

Levels and vault maps discovered:
D:1:      mrwooster_arrival_statue_3, layout_rooms
D:2:      minmay_evil_eye, layout_basic, gammafunk_temple_overflow_elements,
          grunt_decor_cap, uniq_terence
D:3:      layout_loops_ring, gammafunk_ghost_cemetery
D:4:      layout_rooms, lemuel_crystal_altar, nicolae_overflow_hidden_temple,
          hangedman_decor_clover_reticule
D:5:      layout_basic, okawaru_trees_2
D:6:      layout_layer_cave, tso_oasis_becter, uniq_prince_ribbit1, uniq_pikel,
          uniq_menkaure
D:7:      layout_basic, nicolae_qazlal_style_of_elements,
          minmay_temple_entry_statues_fountains
D:8:      minmay_quarter_circles, layout_loops_ring, nzn_wu_jian_contemplation,
          nicolae_ru_the_path_less_chosen, basic_altar, uniq_erica
Temple:   nicolae_temple_no_exploring_needed

Skill      XL: |  1  2  3  4  5  6  7  8  9 10 |
---------------+-------------------------------+-----
Transmutations | 1 2 3 4 |  4.7
Dodging        | 2 3 4 5 |  5.0
Stealth        | 3 4 5 6 8 9 10 | 10.0
Spellcasting   | 3 4 5 |  5.2
Poison Magic   | 4 5 6 |  6.0
Fighting       | 1 2 |  2.0
Armour         | 1 2 |  2.0
Shields        | 1 2 |  2.1
Conjurations   | 1 2 |  2.0
Fire Magic     | 1 |  1.8

Action                   |  1- 3 |  4- 6 |  7- 9 | 10-12 || total
-------------------------+-------+-------+-------+-------++-------
Melee: Unarmed           |     8 |       |       |       ||     8
       Club              |     7 |       |       |       ||     7
       Dagger            |    58 |   180 |       |       ||   238
       Whip              |       |    11 |   237 |    80 ||   328
 Cast: Sting             |    39 |    70 |    76 |    21 ||   206
       Mephitic Cloud    |       |     3 |       |     1 ||     4
       Olgreb's Toxic Ra |       |       |    10 |     4 ||    14
       Ignite Poison     |       |       |     4 |     1 ||     5
  Use: Scroll            |       |       |    17 |       ||    17
 Stab: Confused          |       |     1 |       |       ||     1
Armor: Robe              |    40 |    65 |    85 |    30 ||   220
Dodge: Dodged            |    84 |   124 |   132 |    47 ||   387
